AoeStats
← TUSHIRO1.2

Black Forest

510459079Analyzed
2v2 RM · 9h ago on Oct 1, 2026· 27m 7s· 4 players
Game mode
Random Map
Map size
Medium (4 player)
Population
200
Speed
Normal
Resources
Standard
Victory
Conquest
Starting age
Dark Age
Ending age
Imperial Age
RankedLock teamsTeams togetherTeam positionsShared explorationLock speedFull tech treeHidden civsTurbo modeCheats
Victory
Defeat
🇲🇽 Shu · Mexico
1185
+11
🇲🇽 Spanish · Mexico
964
+57
🇺🇸 Persians · United States
1080
-16
🇺🇸 Slavs · United States
1032
-14
agedecoy2
0:31 Loom
10:02 Feudal Age
11:20 Wheelbarrow
11:12 Double-Bit Axe
11:50 Horse Collar
17:36 Gold Mining
21:44 Castle Age
19:40 Stone Mining
20:55 Fletching
22:43 Bow Saw
22:37 Heavy Plow
23:27 Bodkin Arrow
ctsch153
0:28 Loom
17:38 Feudal Age
18:18 Stone Mining
18:20 Gold Mining
18:13 Horse Collar
18:25 Double-Bit Axe
24:27 Castle Age
26:13 Fletching
Nyro
8:19 Loom
11:18 Feudal Age
11:23 Man-at-Arms
14:17 Double-Bit Axe
14:28 Horse Collar
15:40 Arson
22:38 Castle Age
20:39 Gold Mining
21:14 Fletching
21:46 Forging
22:28 Scale Mail Armor
22:29 Padded Archer Armor
22:45 Crossbowman
23:33 Thumb Ring
25:43 Bodkin Arrow
26:04 Leather Archer Armor
26:05 Chain Mail Armor
TUSHIRO1.2
0:33 Loom
14:03 Feudal Age
19:19 Castle Age
19:51 Town Watch
Connection lost

Rejoining the realm…

Still unreachable

The connection could not be restored.

Session expired

The server has moved on; the page needs a fresh start.